 Dungeon Crawl Stone Soup version 0.20-a0-681-gf83e07f (webtiles) character file.

1306 Alarkh the Slasher (level 8, -4/56 HPs)
             Began as a Mummy Skald on Feb 18, 2017.
             Was a Follower of Okawaru.
             Slain by an orc wizard
             ... wielding a +0 dagger
              (6 damage)
             ... on level 5 of the Dungeon.
             The game lasted 00:08:36 (5839 turns).

Alarkh the Slasher (Mummy Skald)                    Turns: 5839, Time: 00:08:37

Health: -4/56      AC: 11    Str: 15    XL:     8   Next: 32%
Magic:  9/15       EV: 11    Int: 19    God:    Okawaru [*.....]
Gold:   81         SH:  0    Dex: 11    Spells: 11/17 levels left

rFire    x . .     SeeInvis .   a - +0 falchion
rCold    + . .     Gourm    .   f - +0 leather armour
rNeg     + + +     Faith    .   (no shield)
rPois    ∞         Spirit   .   n - +0 helmet
rElec    .         Reflect  .   m - +1 cloak {+Inv}
rCorr    .         Harm     .   (no gloves)
MR       +....                  l - +0 pair of boots
Stlth    +.........             (no amulet)
Regen    0.2/turn               q - +5 ring of intelligence
MPRegen  0.2/turn               h - +4 ring of protection

@: no status effects
A: no food or potions, fire vulnerability, cold resistance 1, negative energy
resistance 3, torment resistance, unbreathing
a: Heroism, Renounce Religion, Evoke Invisibility


You were on level 5 of the Dungeon.
You worshipped Okawaru.
Okawaru was aware of your devotion.
You were not hungry.

You visited 2 branches of the dungeon, and saw 7 of its levels.

You collected 299 gold pieces.
You spent 218 gold pieces at shops.

Inventory:

Hand Weapons
 a - a +0 falchion (weapon)
 o - a +0 falchion of holy wrath
Armour
 b - a +0 leather armour
 d - a +0 cloak
 f - a +0 leather armour (worn)
 l - a +0 pair of boots (worn)
 m - a +1 cloak of invisibility (worn)
 n - a +0 helmet (worn)
Jewellery
 h - a +4 ring of protection (left hand)
 q - a +5 ring of intelligence (right hand)
Wands
 p - a wand of iceblast (5/15)
 r - a wand of flame (3/48)
Scrolls
 e - 4 scrolls of identify
 g - 4 scrolls of remove curse
 i - a scroll of magic mapping
 j - a scroll of blinking
 s - a scroll of recharging
 t - a scroll of teleportation
Books
 c - a book of Battle

   Spells                             Type                      Level
   a - Infusion                       Charms                       1
   b - Shroud of Golubria             Charms/Translocation         2
   c - Song of Slaying                Charms                       2
   d - Spectral Weapon                Hexes/Charms                 3
   e - Regeneration                   Charms/Necromancy            3
 k - a book of Frost

   Spells                             Type                      Level
   a - Freeze                         Ice                          1
   b - Throw Frost                    Conjuration/Ice              2
   c - Ozocubu's Armour               Charms/Ice                   3
   d - Throw Icicle                   Conjuration/Ice              4
   e - Summon Ice Beast               Ice/Summoning                4


   Skills:
 - Level 2.0 Fighting
 * Level 7.5 Long Blades
 - Level 0.7 Armour
 - Level 1.5 Dodging
 + Level 5.0 Spellcasting
 + Level 3.8 Charms


You had 11 spell levels left.
You knew the following spells:

 Your Spells              Type           Power        Failure   Level  Hunger
a - Spectral Weapon       Hex/Chrm       ##......     21%         3    N/A
c - Infusion              Chrm           ###.         3%          1    N/A
e - Shroud of Golubria    Chrm/Tloc      ##........   12%         2    N/A

Dungeon Overview and Level Annotations

Branches:
Dungeon (6/15)             Temple (1/1) D:4

Altars:
Ashenzari
Cheibriados
Elyvilon
Fedhas
Gozag
Kikubaaqudgha
Makhleb
Nemelex Xobeh
Okawaru
Ru
Sif Muna
Uskayaw
Vehumet
Yredelemnul
The Shining One

Shops:
D:4 }*

Annotations:
D:4 exclusion: upstairs


Innate Abilities, Weirdness & Mutations

You do not eat or drink.
Your flesh is vulnerable to fire.
You are immune to poison.
Your flesh is cold resistant. (rC+)
You are immune to negative energy. (rN+++)
You are immune to unholy pain and torment.
You can survive without breathing.


Message History

Unknown command.
Casting: Spectral Weapon
Confirm with . or Enter, or press ? or * to list all spells.
You draw out your weapon's spirit!
Something hits you but does no damage.
Unknown command.
You hit the jelly.
Your hands burn!
The jelly is moderately wounded.
You hear some strange, mumbled words.
A puff of flame appears from out of thin air!
The puff of flame hits you! The fire burns you terribly!
* * * LOW HITPOINT WARNING * * *
x2 Unknown command.
You hit the jelly.
Your hands burn!
* * * LOW HITPOINT WARNING * * *
The jelly is almost dead.
You kill the jelly!
Okawaru accepts your kill.
Your Spellcasting skill increases to level 5!
Something hits you.
You die...

#.# #.........!..#
..# #.###...#..###
#.# #.# ###.#..#
#.#####.# #.#..#
#.......# #.#..#
####.#.## #.#..#
#.#.## #.#..#
#.!..#####.#..#
###..........@# ##
##.........(#
.############.####
..............#
###############


You could see a friendly spectral falchion.

Vanquished Creatures
  Grinder (D:4)
  Sigmund (D:2)
  An ice beast (D:5)
  A centaur (D:5)
  A scorpion (D:6)
  A howler monkey (D:3)
  A jelly (D:5)
  2 orc priests
  Crazy Yiuf (D:2)
  An orc wizard (D:6)
  A centaur skeleton (D:5)
  Jessica (D:3)
  3 iguanas
  6 worker ants
  8 gnolls
  9 adders
  4 worms
  5 dart slugs
  3 leopard geckos
  14 orcs
  7 bats
  8 giant cockroaches
  7 goblins
  11 hobgoblins
  4 quokkas
  A ball python (D:1)
  6 frilled lizards
  7 kobolds
  5 rats
121 creatures vanquished.

Notes
Turn   | Place    | Note
-------+----------+-------------------------------------------
     0 | D:1      | Alarkh the Mummy Skald began the quest for the Orb.
     0 | D:1      | Reached XP level 1. HP: 16/16 MP: 4/4
    47 | D:1      | Reached skill level 2 in Long Blades
   174 | D:1      | Reached XP level 2. HP: 21/22 MP: 5/5
   877 | D:2      | Found a runed door.
   920 | D:2      | Reached XP level 3. HP: 27/27 MP: 7/7
   992 | D:2      | Reached skill level 3 in Long Blades
  1335 | D:2      | Learned a level 2 spell: Shroud of Golubria
  1353 | D:2      | Learned a level 3 spell: Spectral Weapon
  1544 | D:1      | Reached XP level 4. HP: 16/33 MP: 0/8
  1724 | D:2      | Noticed Sigmund
  1769 | D:1      | Reached skill level 4 in Long Blades
  1994 | D:2      | Killed Sigmund
  1994 | D:2      | Reached skill level 5 in Long Blades
  1994 | D:2      | Reached XP level 5. HP: 30/38 MP: 4/9
  1994 | D:2      | Reached XP level 6. HP: 35/44 MP: 4/10
  2221 | D:2      | Found a sacrificial altar of Ru.
  2351 | D:2      | Noticed Crazy Yiuf
  2357 | D:2      | Paralysed by Crazy Yiuf for 3 turns
  2360 | D:2      | Killed Crazy Yiuf
  2854 | D:3      | Found a blossoming altar of Fedhas.
  2980 | D:3      | Noticed Jessica
  2995 | D:3      | Killed Jessica
  3263 | D:3      | Reached skill level 6 in Long Blades
  3710 | D:4      | Found a snail-covered altar of Cheibriados.
  3754 | D:4      | Found Kyzonoi's Gadget Shop.
  3957 | D:4      | Reached XP level 7. HP: 42/50 MP: 0/11
  4115 | D:4      | Bought a wand of iceblast (6/15) for 130 gold pieces
  4138 | D:4      | Found an ancient bone altar of Kikubaaqudgha.
  4157 | D:4      | Noticed Grinder
  4172 | D:4      | Paralysed by Grinder for 3 turns
  4177 | D:4      | Found a staircase to the Ecumenical Temple.
  4187 | Temple   | Entered the Ecumenical Temple
  4487 | Temple   | Became a worshipper of Warmaster Okawaru
  4527 | D:4      | Killed Grinder
  4714 | D:4      | Found Rolamuh's Assorted Antiques.
  4719 | D:4      | Bought a sharpened bone wand for 88 gold pieces
  4828 | D:5      | Entered Level 5 of the Dungeon
  4990 | D:5      | Found an opulent altar of Gozag.
  5099 | D:5      | Reached skill level 7 in Long Blades
  5138 | D:5      | Reached XP level 8. HP: 40/56 MP: 8/14
  5818 | D:6      | Reached * piety under Okawaru
  5839 | D:5      | HP: 2/56 [acid (3)]
  5839 | D:5      | Reached skill level 5 in Spellcasting
  5839 | D:5      | Slain by an orc wizard

Vault maps used:
D:1:      lemuel_arrival_rhombus
D:2:      overflow_temple_1_default, uniq_sigmund, uniq_crazy_yiuf_cottage
D:3:      lemuel_doored_altar, corexii_corridor_pit, uniq_jessica
D:4:      nicolae_overflow_hidden_temple, lemuel_round_altar,
          minmay_temple_entry_butterflies, serial_shops, nicolae_shop_stone,
          kennysheep_little_box, hex_large, eino_curves_01, uniq_grinder
D:5:      nicolae_gozag_cash_rules_everything_around_me, first_bread
D:6:      kennysheep_mini_moat, lemuel_round_altar
Temple:   dpeg_chambers_temple

Skill      XL: |  1  2  3  4  5  6  7  8 |
---------------+-------------------------+-----
Long Blades    | 2 3 5 6 7 |  7.5
Spellcasting   | 4 5 |  5.0
Charms         | 3 |  3.8
Fighting       | |  2.0
Armour         | |  0.7
Dodging        | |  1.5

Action                   |  1- 3 |  4- 6 |  7- 9 || total
-------------------------+-------+-------+-------++-------
Melee: Falchion          |   113 |   209 |   131 ||   453
 Cast: Infusion          |    11 |    33 |    12 ||    56
       Shroud of Golubri |     3 |     5 |     3 ||    11
       Spectral Weapon   |       |     2 |    13 ||    15
Evoke: Wand              |       |       |     1 ||     1
  Use: Scroll            |     2 |     2 |     3 ||     7
 Stab: Distracted        |       |       |     1 ||     1
Armor: Leather armour    |    49 |    97 |    65 ||   211
Dodge: Dodged            |    79 |   137 |    81 ||   297
       Rpst.: Falchion   |    25 |    41 |    23 ||    89
